 Dungeon Crawl Stone Soup version 0.30-a0-159-g068b764562 (webtiles) character file.

Game seed: 13995788003877345122

92 qw the Chopper (level 4, -1/28 HPs)
             Began as a Gargoyle Fighter on Sept 27, 2022.
             Frozen to death by an endoplasm (2 damage)
             ... on level 3 of the Dungeon.
             The game lasted 00:00:56 (2500 turns).

qw the Chopper (Gargoyle Fighter)                   Turns: 2500, Time: 00:00:56

Health: -1/28      AC: 11    Str: 24    XL:     4   Next: 60%
Magic:  4/4        EV:  9    Int:  9    God:
Gold:   124        SH:  4    Dex:  9    Spells: 3/3 levels left

rFire   . . .      SeeInvis .    Y - +0 war axe
rCold   . . .      Faith    .    c - +0 buckler
rNeg    + + .      Spirit   .    b - +0 scale mail
rPois   inf        Reflect  .    (no helmet)
rElec   +          Harm     .    (no cloak)
rCorr   .          Rampage  .    (no gloves)
Will    .....                    g - +0 pair of boots "Xon Jat" {Contam rN+ Str+3}
Stlth   ..........               (no amulet)
HPRegen 0.09/turn                (no ring)
MPRegen 0.09/turn                (no ring)

@: about to teleport
A: sickness immunity, AC +3, negative energy resistance 1, electricity
resistance, torment resistance 1, petrification resistance
a: no special abilities


You were on level 3 of the Dungeon.
You visited 1 branch of the dungeon, and saw 3 of its levels.

You collected 124 gold pieces.


Innate Abilities, Weirdness & Mutations

You are immune to sickness and miasma.
Your stone body is resilient. (AC +3)
You are immune to poison.
You resist negative energy. (rN+)
You are resistant to electric shocks. (rElec)
You are resistant to unholy torment.
You are immune to petrification.


   Skills:
 - Level 3.2 Fighting
 + Level 4.2 Axes
 - Level 3.2 Armour
 - Level 3.2 Shields


You had 3 spell levels left.
You didn't know any spells.
Your spell library was empty.

Inventory:

Hand Weapons
 h - a +0 whip of holy wrath
 Y - a +0 war axe (weapon)
Armour
 b - a +0 scale mail (worn)
 c - a +0 buckler (worn)
 g - the +0 pair of boots "Xon Jat" (worn) {Contam rN+ Str+3}
   (You acquired it on level 2 of the Dungeon)

   Str:       It affects your strength (+3).
   rN:        It protects you from negative energy.
   Contam:    It causes magical contamination when unequipped.
 o - a +0 chain mail
Scrolls
 k - a scroll of identify
 m - a scroll of poison {unknown}
 p - a scroll of magic mapping {unknown}
Potions
 a - a potion of flight {unknown}
 d - a potion of might
 f - a potion of magic {unknown}
 i - 2 potions of attraction
 j - a potion of ambrosia {unknown}
 l - 2 potions of curing {unknown}
 n - a potion of heal wounds {unknown}

Dungeon Overview and Level Annotations

Branches:
Dungeon (3/15)

Altars:


Message History

The orc hits you with a +0 club. The orc priest closely misses you.
The orc hits you but does no damage. The orc priest closely misses you.
The orc hits you but does no damage.
You slash the orc priest!
The orc priest is severely wounded.
You hit the orc. You closely miss the orc. The orc hits you but does no damage.
You block the orc priest's attack. The orc hits you but does no damage.
A frilled lizard comes into view.
You barely miss the orc priest.
The orc priest is severely wounded.
You closely miss the orc. x2
The orc hits you with a +0 club. The orc priest closely misses you.
The orc hits you but does no damage.
You hit the orc priest.
The orc priest is almost dead.
You slash the orc!
You kill the orc!
You hit the orc. The orc barely misses you.
The orc priest mumbles some strange prayers to Beogh against you.
Beogh smites you! The orc closely misses you.
The orc priest hits you with a +0 falchion.
You block the endoplasm's attack.
2499 ||| READING scroll of teleportation.
As you read the scroll of teleportation, it crumbles to dust.
You feel strangely unstable. The orc hits you but does no damage.
The orc priest calls down the wrath of Beogh upon you.
Pain shoots through your body!
The endoplasm hits you but does no damage.
You closely miss the orc priest.
The orc priest is almost dead.
You hit the endoplasm. You hit the orc.
You kill the orc!
You block the orc priest's attack.
A rat comes into view.
The endoplasm freezes you.
You are frozen.
You die...

#'### #...# ...^####...#
....'..+%..##
....####....# ....#
#....############ ....#
#........#......# ....#
##.......#......#
..#######.......#J.....#
..+.............@>l....#
%.###############o.....#
..# ......# #.####
r.....# ...%.#########
.....## #.##.#.......#
.....# #########
#.##.'.......# .....#
#.......# ..####.......#
.....# #.#####.# ###
#.......# #.# #.#


You could see an orc priest, an endoplasm, a frilled lizard and a rat.

Vanquished Creatures
  3 adders
  4 dart slugs
  2 orcs (D:3)
  2 endoplasms (D:2)
  A giant cockroach (D:1)
  3 goblins
  9 hobgoblins
  2 jackals (D:3)
  6 kobolds
  3 quokkas
  6 ball pythons
  2 bats
  6 frilled lizards
  8 rats
57 creatures vanquished.

Notes
Turn   | Place    | Note
-------+----------+-------------------------------------------
     0 | D:1      | qw the Gargoyle Fighter began the quest for the Orb.
     0 | D:1      | Reached XP level 1. HP: 14/14 MP: 1/1
     0 | D:1      | 0 ||| qw: Version: 0.2-a-10-g37ed214
     0 | D:1      | 0 ||| qw: Game counter: 541
     0 | D:1      | 0 ||| qw: Always use a shield: true
     0 | D:1      | 0 ||| qw: God list: Okawaru
     0 | D:1      | 0 ||| qw: Allow faded altars: false
     0 | D:1      | 0 ||| qw: Do Orc after D:15 true
     0 | D:1      | 0 ||| qw: Do second Lair branch before Depths: true
     0 | D:1      | 0 ||| qw: Lair rune preference: random
     0 | D:1      | 0 ||| qw: Plans: Normal, Zot:1-4, God:TSO, Crypt, Tomb,
                  | Pan, Slime:5, Hells, Abyss, Orb
     0 | D:1      | 0 ||| PLANNING D:1-11
    34 | D:1      | Reached skill level 2 in Axes
   239 | D:1      | Reached XP level 2. HP: 6/19 MP: 2/2
   690 | D:1      | 690 ||| Stepping ~*~*~tactically~*~*~ (hiding).
   836 | D:1      | Reached skill level 3 in Axes
   879 | D:1      | Reached XP level 3. HP: 23/23 MP: 3/3
  1091 | D:1      | Found a faded altar of an unknown god.
  1150 | D:1      | 1150 ||| DROPPING ring of flight.
  1151 | D:1      | 1151 ||| READING 2 scrolls labelled SEASAI ZUIMIGIHA.
  1152 | D:1      | 1152 ||| READING scroll labelled FEATSAL REANORECS.
  1155 | D:1      | 1155 ||| DRINKING 2 fuming sapphire potions.
  1156 | D:1      | 1156 ||| DROPPING scroll of blinking.
  1157 | D:1      | 1157 ||| DROPPING potion of brilliance.
  1453 | D:2      | 1453 ||| DROPPING +0 club.
  1684 | D:2      | 1684 ||| Stepping ~*~*~tactically~*~*~ (stealth).
  1692 | D:2      | Reached XP level 4. HP: 24/28 MP: 4/4
  1751 | D:2      | Reached skill level 4 in Axes
  2069 | D:2      | 2069 ||| DROPPING orb of wrath.
  2070 | D:2      | 2070 ||| READING scroll labelled PIDEOVUKUA.
  2171 | D:2      | 2171 ||| READING scroll labelled FEZITSO COTY.
  2172 | D:2      | 2172 ||| READING 2 scrolls labelled GIUN EHEKAOV.
  2173 | D:2      | 2173 ||| READING 2 scrolls labelled WOIDGH GACEBAZE.
  2174 | D:2      | 2174 ||| READING scroll labelled BUSEOG WIKK.
  2175 | D:2      | 2175 ||| READING scroll labelled ZIWICE HUQUV.
  2175 | D:2      | Identified a scroll of acquirement
  2175 | D:2      | 2175 ||| ACQUIRING +0 pair of boots "Xon Jat" {Contam rN+
                  | Str+3}
  2175 | D:2      | Acquired the +0 pair of boots "Xon Jat" {Contam rN+ Str+3}
  2177 | D:2      | 2177 ||| UPGRADING to +0 pair of boots "Xon Jat" {Contam
                  | rN+ Str+3}.
  2182 | D:2      | 2182 ||| DRINKING 3 red potions.
  2183 | D:2      | 2183 ||| DROPPING scroll of vulnerability.
  2498 | D:3      | HP: 7/28 [orc priest/divine providence (13)]
  2498 | D:3      | HP: 2/28 [orc priest/+0 falchion (5)]
  2499 | D:3      | 2499 ||| READING scroll of teleportation.
  2500 | D:3      | Frozen to death by an endoplasm

Levels and vault maps discovered:
D:1:      sevenhm_arrival_forest_fort_large_4, layout_basic,
          dreamdust_ecumenical_altar_hidden_monk_grotto
D:2:      layout_loops_ring, corexii_hall_statues_s, minmay_joined_circles
D:3:      layout_basic

Skill      XL: |  1  2  3  4 |
---------------+-------------+-----
Axes           | 2 3 4 |  4.2
Fighting       | |  3.2
Armour         | |  3.2
Shields        | |  3.2

Action                   |  1- 3 |  4- 6 || total
-------------------------+-------+-------++-------
Melee: War axe           |   104 |    60 ||   164
  Use: Scroll            |     2 |     7 ||     9
       Potion            |     1 |     1 ||     2
Armor: Scale mail        |    45 |    37 ||    82
Dodge: Dodged            |    38 |    30 ||    68
Block: Buckler           |    14 |     9 ||    23

Table legend:
 A = Non-vault XP
 B = Vault XP
 C = Vault XP percentage of total XP
 D = Non-vault monster count
 E = Vault monster count
 F = Vault count percentage of total count
                 A         B        C        D         E       F
            +---------+---------+-------+---------+---------+-------
      Total |     122 |      13 |   9.6 |      48 |       9 |  15.8
            +---------+---------+-------+---------+---------+-------
        D:1 |      40 |       0 |   0.0 |      23 |       0 |   0.0
        D:2 |      53 |      13 |  19.7 |      16 |       9 |  36.0
        D:3 |      29 |       0 |   0.0 |       9 |       0 |   0.0
            +---------+---------+-------+---------+---------+-------
